Map: LotV Custom - Nimbus LE - Archon Mode

Players

Hindulaatti

  • Race: Protoss Protoss
  • League: Platinum
  • Spawn Location: 1:00

JackONeill - Winner!

  • Race: Protoss Protoss
  • League: Gold

Anthem - Winner!

  • Race: Protoss Protoss
  • League: Gold
  • Spawn Location: 7:00

heprea - Winner!

  • Race: Terran Terran

BLFG - Winner!

  • Race: Zerg Zerg

VOD

Have the link to the VOD?

Description

Time

  • Played on: Jan. 8, 2015, 2:34 p.m.
  • Length: 6:20
Show
View Real Time Build Order
Export as new Build Order

Hindulaatti Protoss 

Build Orders:  

Get SALT Encoding   

  12  0:01  Probe  
  13  0:15  Pylon  
  13  0:17  Probe  
  14  0:33  Probe  
  15  0:38  Gateway  
  15  0:45  Probe  
  15  0:46  Assimilator  
  16  0:57  Probe  
  17  1:10  Probe  
  18  1:12  Pylon  
  18  1:25  Cybernetics Core  
  18  1:26  Probe  
  19  1:38  Probe (Chrono Boost)  
  20  1:45  Nexus  
  20  1:51  Probe (Chrono Boost)  
  21  2:00  Pylon  
  21  2:01  Assimilator  
  21  2:03  Warp Gate (Chrono Boost)  
  21  2:11  Stalker  
  23  2:16  Probe  
  24  2:26  Gateway  
  24  2:34  Gateway  
  24  2:38  Probe  
  25  2:45  Stalker  
  27  2:51  Probe (Chrono Boost)  
  28  3:03  Probe (Chrono Boost)  
  30  3:06  Probe (Chrono Boost)  
  30  3:11  Probe (Chrono Boost)  
  32  3:13  Probe (Chrono Boost)  
  32  3:15  Stalker  
  34  3:20  Probe  
  34  3:24  Probe  
  36  3:29  Stalker  
  36  3:32  Probe  
  39  3:39  Robotics Facility  
  39  3:52  Gateway  
  39  3:55  Stalker  
  41  4:00  Probe x2  
  43  4:22  Pylon  
  41  4:34  Warp Prism  
  39  4:40  Gateway  
  39  4:41  Gateway, Stalker x2  
  39  4:42  Stalker  
  45  4:46  Pylon  
  45  4:50  Probe x2 (Chrono Boost)  
  49  5:00  Probe x2 (Chrono Boost)  
  49  5:03  Pylon, Stalker  
  49  5:05  Stalker  
  53  5:08  Probe x2  
  55  5:22  Robotics Bay, Probe x2  
  57  5:32  Stalker x2  
  57  5:34  Probe  
  52  5:47  Stalker x4  
  43  6:00  Pylon  
  42  6:11  Zealot  
Show
View Real Time Build Order
Export as new Build Order

JackONeill Protoss - Winner!

Build Orders:  

Get SALT Encoding   

Show
View Real Time Build Order
Export as new Build Order

Anthem Protoss - Winner!

Build Orders: 1 Gate Expand 

Get SALT Encoding   

  12  0:01  Probe  
  13  0:13  Probe  
  14  0:18  Pylon  
  14  0:32  Probe  
  14  0:41  Probe  
  14  0:42  Gateway  
  16  0:53  Probe  
  17  1:01  Probe  
  17  1:10  Probe  
  19  1:19  Nexus  
  19  1:25  Probe  
  19  1:31  Cybernetics Core  
  20  1:34  Assimilator  
  20  1:39  Assimilator  
  20  1:41  Probe (Chrono Boost)  
  21  1:50  Pylon, Warp Gate  
  21  1:53  Probe (Chrono Boost)  
  22  2:08  Pylon, Probe  
  23  2:20  Probe  
  24  2:24  Pylon  
  24  2:32  Probe  
  24  2:36  Probe  
  26  2:37  Gateway  
  26  2:44  Probe  
  26  2:48  Gateway, Probe  
  28  2:56  Probe  
  29  3:00  Probe  
  30  3:05  Stalker  
  30  3:08  Probe  
  33  3:13  Probe  
  33  3:15  Gateway  
  34  3:22  Pylon  
  34  3:23  Probe  
  34  3:31  Probe  
  35  3:35  Probe  
  36  3:43  Probe  
  37  3:52  Pylon  
  37  3:57  Gateway  
  37  3:58  Gateway  
  37  4:00  Probe x2, Stalker  
  41  4:11  Stalker  
  41  4:12  Probe x2  
  41  4:15  Stalker  
  44  4:24  Stalker  
  44  4:25  Stalker  
  46  4:34  Probe, Stalker  
  46  4:36  Probe  
  47  4:42  Probe  
  47  4:44  Probe  
  47  4:45  Stalker  
  52  4:55  Stalker x2  
  52  4:56  Probe  
  52  4:58  Stalker  
  59  5:02  Stalker  
  59  5:06  Stalker  
  63  5:11  Forge  
  63  5:15  Stalker  
  63  5:18  Stalker  
  67  5:22  Pylon  
  67  5:25  Stalker  
  67  5:28  Probe  
  70  5:29  Probe  
  65  5:44  Nexus  
  65  5:58  Stalker x2  
  65  5:59  Stalker x2  
  70  6:10  Assimilator  
  66  6:11  Pylon  
  66  6:15  Assimilator  
Show
View Real Time Build Order
Export as new Build Order

heprea Terran - Winner!

Build Orders:  

Get SALT Encoding   

Show
View Real Time Build Order
Export as new Build Order

BLFG Zerg - Winner!

Build Orders:  

Get SALT Encoding   

Tags
 
Add a new tag
Caveats
  • Supply blocks, unpowered buildings, or Contaminate may cause inaccurate times.
  • Supply counts are checked every 10 seconds.